 Dungeon Crawl Stone Soup version 0.14-a0-1192-g192f278 (webtiles) character file.

108 Gorice the Slasher (level 3, 0/27 HPs)
             Began as a Lava Orc Wanderer on Nov 30, 2013.
             Succumbed to an adder's poison
             ... on Level 2 of the Dungeon.
             The game lasted 00:06:26 (1177 turns).

Gorice the Slasher (Lava Orc Wanderer)              Turns: 1177, Time: 00:06:26

HP   0/27        AC  4     Str 15      XL: 3   Next: 28%
MP   5/5         EV 10     Int 13      God:
Gold 69          SH  6     Dex  9      Spells:  1 memorised,  4 levels left

rFire  + + +     SeeInvis .     b - +0 orc falchion
rCold  x . .     Clarity  .     c - +0 orc robe
rNeg   . . .     Conserve .     i - +0 buckler (curse)
rPois  .         rCorr    .     p - +0 helmet
rElec  .         rRot     .     (no cloak)
SustAb . .       Spirit   .     (no gloves)
rMut   .         Warding  .     n - +0 pair of boots
Saprov + . .     Stasis   .     (no amulet)
                                (no ring)
                                (no ring)

@: quite poisoned, hasted, very quick, not resistant to hostile enchantments,
unstealthy
A: conserve scrolls, saprovore 1
a: no special abilities


You were on level 2 of the Dungeon.
You were not hungry.

You visited 1 branch of the dungeon, and saw 2 of its levels.

You collected 69 gold pieces.

Inventory:

Hand weapons
 b - a +0,+0 orcish falchion (weapon)
Missiles
 e - 12 poisoned needles
 l - 12 bolts of penetration
Armour
 c - a +0 orcish robe (worn)
 i - a cursed +0 buckler (worn)
 n - a +0 pair of boots (worn)
 p - a +0 helmet (worn)
Comestibles
 d - a meat ration
 g - a chunk of giant cockroach flesh
 o - a chunk of giant cockroach flesh
 q - a pear
 r - a choko
Scrolls
 f - a scroll of amnesia
 h - 2 scrolls of identify
 k - a scroll of teleportation
Potions
 j - a potion of poison
 m - a potion of flight


   Skills:
 * Level 3.7 Long Blades
 + Level 1.4 Armour
 - Level 1.0 Stealth
 - Level 1.1 Shields
 - Level 1.5 Spellcasting
   Level 1.0 Summonings
   Level 1.2 Ice Magic
   Level 1.2 Invocations


You had 4 spell levels left.
You knew the following spells:

 Your Spells              Type           Power        Failure   Level  Hunger
a - Sandblast             Erth           #.....       30%         1    ##.....


Dungeon Overview and Level Annotations

Branches:
Dungeon (2/16)

Altars:


Innate Abilities, Weirdness & Mutations

You have stony skin.
Your flesh is almost immune to the effects of heat.
Your fire spells are more powerful.
Your flesh is vulnerable to cold.
Your heat harms attackers.
You bathe your surroundings in blazing heat.
You are too hot to use scrolls.
You are very good at protecting items from fire.
You can tolerate rotten meat.


Message History

You hit the adder.
The adder is heavily wounded.
* * * LOW HITPOINT WARNING * * *
You feel sick. The adder barely misses you. The adder bites you.
* * * LOW HITPOINT WARNING * * *
The adder is singed by your heat.
The adder is heavily wounded.
Drink which item? (? for menu, Esc to quit)
That liquid tasted very nasty...
You are more poisoned.
It was a potion of poison.
You're getting fired up.
* * * LOW HITPOINT WARNING * * *
You feel sick. The adder bites you.
* * * LOW HITPOINT WARNING * * *
You are more poisoned.
The adder poisons you! The adder is singed by your heat.
The adder is almost dead.
Drink which item? (? for menu, Esc to quit)
You feel yourself speed up.
You die...

#............#
#..##.......#
#.).....##.##
#.%..........
#..<....##...
###.##### .
#.....# ...
#.....##.(...
#.?.@S.......
#.....###....
#.....#
#.....#
#.....#
...........
###.#.#####.
#.#.# #.#.#


You could see an adder.

Vanquished Creatures
  An adder (D:2)
  2 giant geckos (D:1)
  An ooze (D:1)
  2 bats (D:1)
  A goblin (D:1)
  4 hobgoblins
  6 jackals (D:1)
  3 kobolds
  2 giant cockroaches (D:2)
  2 rats (D:1)
24 creatures vanquished.

Notes
Turn   | Place    | Note
--------------------------------------------------------------
     0 | D:1      | Gorice, the Lava Orc Wanderer, began the quest for the Orb.
     0 | D:1      | Reached XP level 1. HP: 15/15 MP: 2/2
   176 | D:1      | Reached skill level 1 in Armour
   183 | D:1      | Reached XP level 2. HP: 4/22 MP: 3/3
   488 | D:1      | Reached skill level 3 in Long Blades
  1090 | D:2      | Reached XP level 3. HP: 27/27 MP: 5/5
  1176 | D:2      | HP: 1/27 [adder (2)]
  1177 | D:2      | Succumbed to an adder's poison

Action                   || total
-------------------------++-------
Melee: Falchion          ||   140
Throw: Dart              ||    11
  Use: Scroll            ||     4
       Potion            ||     2
 Stab: Sleeping          ||     1
